 Dungeon Crawl Stone Soup version 0.18.1-5-g4a78601 (webtiles) character file.

49 imganon the Chopper (level 3, -8/43 HPs)
             Began as a Demonspawn Berserker on May 13, 2016.
             Was a Believer of Trog.
             Killed by nerve-wracking pain
             ... invoked by Jessica
              (12 damage)
             ... on level 2 of the Dungeon.
             The game lasted 00:01:24 (1340 turns).

imganon the Chopper (Demonspawn Berserker)          Turns: 1340, Time: 00:01:26

Health: -8/43      AC:  2    Str: 23    XL:     3   Next: 53%
Magic:  3/3        EV: 12    Int:  8    God:    Trog [**....]
Gold:   92         SH:  0    Dex: 12    Spells: 0 memorised, 2 levels left

rFire  + . .     SeeInvis .     a - +0 hand axe
rCold  . . .     Gourm    .     b - +0 animal skin
rNeg   . . .     Faith    .     (no shield)
rPois  .         Spirit   .     (helmet restricted)
rElec  .         Dismiss  .     (no cloak)
rCorr  .         Reflect  .     (no gloves)
SustAt .         Harm     .     (no boots)
MR     .....                    (no amulet)
Stlth  ..........               (no ring)
                                (no ring)

@: berserking, slowed, not resistant to hostile enchantments, extremely
unstealthy
A: horns 1, fire resistance 1
a: Berserk, Trog's Hand, Burn Spellbooks, Renounce Religion


You were on level 2 of the Dungeon.
You worshipped Trog.
Trog was pleased with you.
You were hungry.

You visited 1 branch of the dungeon, and saw 2 of its levels.

You collected 92 gold pieces.

Inventory:

Hand Weapons
 a - a +0 hand axe (weapon)
Armour
 b - a +0 animal skin (worn)
Jewellery
 h - an uncursed ring of protection from cold {unknown}
Wands
 m - a wand of confusion (29/48)
Scrolls
 e - 2 scrolls of identify {unknown}
 g - a scroll of amnesia {unknown}
 j - 3 scrolls of blinking {unknown}
 k - a scroll of enchant weapon {unknown}
Potions
 i - a potion of resistance {unknown}
Comestibles
 c - 2 bread rations
 d - 2 meat rations
 f - 16 fruits


   Skills:
 - Level 3.0 Fighting
 + Level 4.1 Axes
 - Level 1.7 Armour
 - Level 1.7 Dodging


You had 2 spell levels left.
You didn't know any spells.

Dungeon Overview and Level Annotations

Branches:
Dungeon (2/15)

Altars:

Annotations:
D:2 Jessica


Innate Abilities, Weirdness & Mutations

You have a pair of small horns on your head.
Your flesh is heat resistant.


Message History

You hit Jessica.
Jessica is moderately wounded.
You miss the bat. The bat closely misses you.
Jessica gestures at you while chanting. Pain shoots through your body!
Jessica barely misses you.
You hit Jessica but do no damage.
Jessica is moderately wounded.
Jessica hits you with a dagger of protection.
The bat hits you but does no damage. The bat completely misses you.
Jessica hits you with a dagger of protection.
* * * LOW HITPOINT WARNING * * *
Jessica hits you with a dagger of protection.
* * * LOW HITPOINT WARNING * * *
A red film seems to cover your vision as you go berserk!
You feel yourself moving faster!
You feel mighty!
You are feeling hungry.
The bat barely misses you. Jessica misses you. Jessica casts a spell at you.
Pain shoots through your body!
You die...

#.P.P...≈P........##......
#....P.P.P........#.....##
##.###........>...#.....#
#.....##.#.......#.....##
#####.##.#.......##......
#########.##b#......
#######
#.........##.#......
#......(..##.# ...
#.........##@#
#.........##@#
##....###.##h# ..
########.##.###...
#............
#............
#............
#...........r
#............


You could see Jessica, a jackal and a bat.

Vanquished Creatures
  2 adders (D:2)
  2 dart slugs (D:1)
  2 giant geckos (D:1)
  A ball python (D:2)
  2 giant cockroaches (D:1)
  3 goblins
  3 hobgoblins
  2 jackals (D:2)
  A quokka (D:2)
  2 bats
  A giant newt (D:1)
  A kobold (D:1)
  4 rats
26 creatures vanquished.

Notes
Turn   | Place    | Note
--------------------------------------------------------------
     0 | D:1      | imganon the Demonspawn Berserker began the quest for the Orb.
     0 | D:1      | Reached XP level 1. HP: 18/18 MP: 1/1
    73 | D:1      | Reached skill level 3 in Axes
   431 | D:1      | Gained mutation: Your flesh is heat resistant. [demonic ancestry]
   431 | D:1      | Reached XP level 2. HP: 20/24 MP: 2/2
   771 | D:2      | Gained mutation: You have a pair of small horns on your head. [demonic ancestry]
   771 | D:2      | Reached XP level 3. HP: 6/29 MP: 3/3
  1062 | D:2      | Reached skill level 4 in Axes
  1320 | D:2      | Noticed Jessica
  1330 | D:2      | Reached ** piety under Trog
  1340 | D:2      | Killed from afar by Jessica

Skill      XL: |  1  2  3 |
---------------+----------+-----
Axes           | 3 4 |  4.1
Fighting       | |  3.0
Armour         | |  1.7
Dodging        | |  1.7

Action                   || total
-------------------------++-------
Melee: Hand axe          ||    84
       Headbutt          ||     2
Invok: Berserk           ||     2
  Eat: Chunk             ||     2
Armor: Animal skin       ||    15
Dodge: Dodged            ||    79
